Map: Crête de Lerilak

Players

BananaJoe - Winner!

  • Race: Terran Terran
  • League: Silver
  • Spawn Location: 7:00

zidar

  • Race: Zerg Zerg
  • League: Silver
  • Spawn Location: 11:00

VOD

Have the link to the VOD?

Description

Time

  • Played on: Jan. 12, 2016, 1:13 p.m.
  • Length: 10:15
Show
View Real Time Build Order
Export as new Build Order

BananaJoe Terran - Winner!

Build Orders:  

Get SALT Encoding   

  12  0:01  SCV  
  13  0:13  SCV  
  14  0:25  Refinery  
  14  0:26  Supply Depot  
  14  0:28  SCV  
  15  0:47  SCV  
  16  0:50  Barracks  
  16  0:59  SCV  
  17  1:11  SCV  
  18  1:24  SCV  
  19  1:39  Reaper, Supply Depot  
  20  1:41  Orbital Command  
  20  1:58  Factory  
  20  2:08  SCV  
  21  2:18  Command Center  
  21  2:33  SCV  
  21  2:36  Supply Depot  
  21  2:37  Barracks Reactor  
  22  2:45  Factory Reactor, SCV  
  23  2:59  Bunker  
  23  3:04  SCV  
  24  3:09  Engineering Bay  
  24  3:10  Refinery  
  24  3:12  Starport  
  24  3:15  Marine x2  
  24  3:16  SCV  
  27  3:24  Hellion  
  29  3:27  Hellion  
  31  3:38  Marine  
  31  3:39  Marine  
  33  3:46  Hellion  
  35  3:56  Marine  
  35  3:57  Medivac  
  35  3:58  Barracks  
  38  4:26  Marine  
  38  4:27  Marine  
  38  4:28  Hellion x2  
  43  4:33  Missile Turret  
  43  4:34  Orbital Command  
  43  4:44  Marine  
  44  4:46  Barracks Tech Lab  
  44  4:52  Barracks  
  46  4:53  SCV  
  47  5:05  Marine, SCV  
  49  5:11  Marine, Marauder  
  49  5:12  Stimpack  
  50  5:16  Factory Tech Lab  
  50  5:23  Marine  
  50  5:25  Missile Turret  
  50  5:28  Refinery  
  51  5:33  Marine  
  52  5:49  Siege Tank  
  53  5:51  Marine  
  54  5:58  Marine, SCV  
  50  6:06  Marine  
  50  6:09  Marine  
  50  6:14  Supply Depot  
  50  6:16  Reaper  
  51  6:19  Barracks Tech Lab  
  51  6:21  Siege Tank  
  54  6:25  Supply Depot  
  54  6:30  Supply Depot  
  54  6:36  Reaper, SCV x2  
  58  6:40  Terran Infantry Weapons Level 1  
  58  6:48  Marine, SCV  
  58  6:49  Supply Depot  
  58  6:51  Medivac  
  58  6:54  Marine  
  62  6:58  Siege Tank  
  62  6:59  SCV  
  62  7:00  SCV  
  67  7:03  Supply Depot  
  67  7:05  Marine  
  67  7:06  Marine  
  67  7:08  Marine  
  70  7:09  Medivac  
  70  7:15  Marine  
  73  7:21  Supply Depot  
  73  7:24  Marauder  
  73  7:26  Marine x2  
  73  7:28  SCV x2  
  78  7:42  Medivac  
  78  7:43  Marine  
  78  7:44  Marine x3  
  82  7:47  SCV x2  
  86  7:58  Medivac  
  88  8:01  Marine x2  
  88  8:02  Marine x2  
  92  8:06  Barracks  
  92  8:13  SCV  
  92  8:14  SCV  
  92  8:19  Marine x2  
  96  8:20  Marauder  
  97  8:40  Marine x2  
  97  8:41  Marine  
  100  8:43  Supply Depot  
  100  8:47  Armory  
  100  8:48  Engineering Bay  
  100  8:49  Marine  
  100  8:51  Command Center  
  101  8:58  Marine  
  102  9:03  Supply Depot  
  102  9:04  Barracks Reactor  
  102  9:05  Marine, Marauder  
  102  9:08  Supply Depot  
  105  9:18  Marine  
  105  9:19  Marauder  
  105  9:23  Marine  
  109  9:26  Marauder  
  111  9:36  Marine  
  107  9:53  Marine x4  
  107  9:54  Marine  
  107  9:58  Supply Depot  
Show
View Real Time Build Order
Export as new Build Order

zidar Zerg 

Build Orders: Pool First, Ravager All-In 

Get SALT Encoding   

  12  0:02  Drone  
  13  0:14  Overlord  
  13  0:17  Drone  
  14  0:32  Drone x2  
  16  0:37  Drone  
  17  0:48  Spawning Pool  
  16  0:51  Drone  
  17  1:14  Hatchery  
  17  1:17  Drone  
  17  1:22  Extractor  
  17  1:23  Drone  
  17  1:26  Drone  
  18  1:37  Queen  
  20  1:45  Overlord  
  20  1:48  Drone  
  20  1:52  Drone  
  22  2:03  Drone  
  23  2:13  Queen, Drone  
  26  2:28  Zergling x4  
  27  3:05  Metabolic Boost  
  27  3:10  Roach Warren  
  26  3:26  Drone x7  
  33  3:32  Extractor  
  32  3:53  Roach x2  
  36  3:56  Overlord x2  
  36  3:57  Overlord  
  36  4:31  Roach x4  
  44  4:32  Roach  
  46  4:58  Ravager x3  
  46  4:59  Ravager x2  
  51  5:03  Roach  
  53  5:35  Drone x7  
  60  5:37  Overlord  
  56  6:26  Drone x5  
  56  6:27  Drone x3  
  56  6:30  Lair  
  64  6:49  Extractor  
  64  6:50  Extractor, Drone x2  
  64  7:07  Hatchery x2  
  62  7:09  Pneumatized Carapace  
  62  7:51  Evolution Chamber  
  61  7:54  Evolution Chamber  
  61  7:58  Overlord x3  
  60  7:59  Overlord x3  
  60  8:00  Overlord  
  60  8:01  Overlord x2  
  60  8:03  Overseer  
  48  8:44  Overseer  
  48  8:45  Drone x11  
  59  8:48  Zergling x2  
  59  8:49  Zergling x10  
  59  8:50  Zergling x2  
  66  9:03  Roach  
  66  9:04  Roach x2  
  72  9:36  Infestation Pit  
Tags
 
Add a new tag
Caveats
  • Supply blocks, unpowered buildings, or Contaminate may cause inaccurate times.
  • Supply counts are checked every 10 seconds.